[Event "Team 45 45 League T43"]
[Site "Internet Chess Club"]
[Date "2009.12.07"]
[Round "6"]
[White "chicopee-ed"]
[Black "nozmov"]
[Result "0-1"]
[WhiteElo "1363"]
[BlackElo "1386"]
[Opening "QGD: exchange, positional line"]
[ECO "D35"]
[Time "17:01:41"]
[TimeControl "2700+45"]

1. d4 d5 2. c4 e6 3. Nc3 Nf6 4. cxd5 exd5 5. Bg5 Be7 6. e3 O-O 7. Bd3 a6 8. Qc2
h6 9. Bh4 Nbd7 10. Nf3 Bb4 11. Ne5 Re8 12. f4 c5 13. O-O cxd4 14. Nxd5 Bd6 15.
exd4 Qa5 16. Nxf6+ Nxf6 17. Nc4 Qd5 18. Bxf6 gxf6 19. Nb6 Qxd4+ 20. Qf2 Qxf2+
21. Rxf2 Bc5 22. Nxa8 b6 23. Bxa6 Bxa6 24. Nc7 Re2 25. Nxa6 Bxf2+ 26. Kf1 Rxb2
27. Nc7 Bd4 28. Nd5 Rf2+ 29. Kg1 Rxa2+ {White resigns} 0-1

[Event "Team 45 45 League T43"]
[Site "Internet Chess Club"]
[Date "2009.12.06"]
[Round "6"]
[White "wbanks"]
[Black "rayonline53"]
[Result "1/2-1/2"]
[WhiteElo "1486"]
[BlackElo "1417"]
[Opening "Sicilian: Najdorf, 7...Be7"]
[ECO "B98"]
[Time "16:00:15"]
[TimeControl "2700+45"]

1. e4 c5 2. Nf3 d6 3. d4 cxd4 4. Nxd4 Nf6 5. Nc3 a6 6. Bg5 e6 7. f4 Be7 8. Qf3
O-O 9. Bc4 Qc7 10. Bb3 Nc6 11. Nxc6 Qxc6 12. O-O-O Re8 13. Rhe1 b5 14. Rd3 Bb7
15. Rde3 Nd7 16. Bxe7 Rxe7 17. a3 Nb6 18. f5 Nc4 19. R3e2 a5 20. fxe6 fxe6 21.
Qd3 Ba6 22. Bxc4 bxc4 23. Qd4 Rb8 24. Re3 Reb7 25. Nd1 e5 26. Qd2 Qc5 27. Rf3
Rf7 28. Rxf7 Kxf7 29. Rf1+ Kg8 30. Rf3 Bc8 31. Qg5 Qc7 32. h3 Be6 33. Qe3 Rf8
34. Rxf8+ Kxf8 35. Nc3 Qb7 36. Qf2+ Kg8 37. Qe3 Qf7 38. Qe2 Qb7 39. Qe3 Qf7 40.
Qe2 Qb7 {Game drawn by mutual agreement} 1/2-1/2

[Event "Team 45 45 League T43"]
[Site "Internet Chess Club"]
[Date "2009.12.04"]
[Round "6"]
[White "nursey"]
[Black "dinkola"]
[Result "1-0"]
[WhiteElo "1648"]
[BlackElo "1676"]
[Opening "King's Indian: 6.Be2"]
[ECO "E91"]
[Time "15:02:23"]
[TimeControl "2700+45"]

1. d4 Nf6 2. c4 g6 3. Nc3 Bg7 4. e4 d6 5. Nf3 O-O 6. Be2 c5 7. dxc5 dxc5 8. Bg5
Qa5 9. O-O Nc6 10. Nd5 Nxe4 11. Bxe7 Re8 12. Qc2 Nxe7 13. Qxe4 Qd8 14. Rfe1 Bf5
15. Nxe7+ Rxe7 16. Qf4 Re4 17. Qd2 Qb6 18. Rad1 Qxb2 19. Qxb2 Bxb2 20. Ng5 Ree8
21. Bf3 Bf6 22. Ne4 Bd4 23. Nd6 Rxe1+ 24. Rxe1 Be6 25. Nxb7 Rb8 26. Nd6 Rb2 27.
Kh1 Rxa2 28. g3 Rxf2 29. Bd5 Bh3 30. Re8+ Kg7 31. Re1 Bg2+ 32. Bxg2 {Black
resigns} 1-0

[Event "Team 45 45 League T43"]
[Site "Internet Chess Club"]
[Date "2009.12.06"]
[Round "6"]
[White "slipkid"]
[Black "Pawndemonium"]
[Result "1-0"]
[WhiteElo "1551"]
[BlackElo "1452"]
[Opening "Scotch game"]
[ECO "C45"]
[Time "14:00:55"]
[TimeControl "2700+45"]

1. e4 e5 2. Nf3 Nc6 3. d4 exd4 4. Nxd4 Nxd4 5. Qxd4 b6 6. Nc3 Bb7 7. Bc4 Nf6 8.
O-O Bc5 9. Qe5+ Be7 10. Bf4 d6 11. Qd4 O-O 12. Rad1 Rc8 13. Bg5 h6 14. Bh4 a6
15. e5 c5 16. Qd3 dxe5 17. Qe2 Qc7 18. Bxa6 Bxa6 19. Qxa6 Rfd8 20. Bxf6 Bxf6 21.
Nd5 Qc6 22. Qd3 Kf8 23. c4 Qe6 24. Qh7 Rxd5 25. cxd5 Qd6 26. Qh8+ {Black
resigns} 1-0

[Event "Team 45 45 League T43"]
[Site "Internet Chess Club"]
[Date "2009.12.06"]
[Round "6"]
[White "oldprez"]
[Black "MikeA"]
[Result "0-1"]
[WhiteElo "1433"]
[BlackElo "1704"]
[Opening "Sicilian: Pelikan (Lasker/Sveshnikov) variation"]
[ECO "B33"]
[Time "10:05:10"]
[TimeControl "2700+45"]

1. e4 c5 2. Nf3 Nc6 3. d4 cxd4 4. Nxd4 Nf6 5. Nc3 e5 6. Nxc6 dxc6 7. Qxd8+ Kxd8
8. Be2 Be6 9. Be3 Bb4 10. Rd1+ Kc7 11. a3 Bxc3+ 12. bxc3 Nxe4 13. Bd2 Rhd8 14.
f3 Nxd2 15. Rxd2 a6 16. Bd3 h6 17. O-O g5 18. Re2 f6 19. Re4 Bf5 20. Re3 Bxd3
21. cxd3 Rd5 22. Rd1 Rad8 23. d4 exd4 24. Re7+ R8d7 25. Rxd7+ Kxd7 26. cxd4 c5
27. Rb1 cxd4 28. Rxb7+ Kc6 29. Rb2 d3 30. Rd2 Kc5 31. Kf2 Kd4 32. Ke1 Re5+ 33.
Kf2 Kc3 34. Rd1 d2 {White resigns} 0-1

[Event "Team 45 45 League T43"]
[Site "Internet Chess Club"]
[Date "2009.12.06"]
[Round "6"]
[White "imgr8"]
[Black "SuperJEM"]
[Result "1-0"]
[WhiteElo "1986"]
[BlackElo "2157"]
[Opening "King's pawn opening"]
[ECO "B07"]
[Time "08:15:46"]
[TimeControl "2700+45"]

1. e4 d6 2. Nc3 g6 3. Bc4 Bg7 4. d3 c6 5. f4 a5 6. a4 e6 7. Bb3 Ne7 8. Nf3 d5 9.
e5 Nd7 10. Be3 Nf5 11. Bf2 h5 12. Ne2 b6 13. Ned4 Nxd4 14. Nxd4 Qc7 15. O-O Ba6
16. Bh4 c5 17. Nf3 c4 18. Ba2 c3 19. bxc3 Qxc3 20. Rb1 Bf8 21. Ng5 Qd4+ 22. Kh1
Qxa4 23. Bxd5 exd5 24. e6 fxe6 25. Nxe6 Kf7 26. Qe2 Bc5 27. Ng5+ Kg7 28. Qe6
Rhf8 29. Ra1 Qb5 30. c4 dxc4 31. dxc4 Qxc4 32. Qxd7+ Rf7 33. Nxf7 Qxf7 34. Rfd1
Ra7 35. Qd2 Bc4 36. Qc3+ Kg8 37. Rd8+ Bf8 38. Bg5 Kh7 39. Rxf8 Qxf8 40. Qxc4 Qd6
41. h3 a4 42. Kh2 a3 43. Ra2 Qb8 44. Qb4 Ra5 45. Qe7+ Kg8 46. Qe6+ Kg7 47. Qf6+
{Black resigns} 1-0

[Event "Team 45 45 League T43"]
[Site "Internet Chess Club"]
[Date "2009.12.07"]
[Round "6"]
[White "SuperPeon"]
[Black "snottgoblin"]
[Result "1-0"]
[WhiteElo "2102"]
[BlackElo "2000"]
[Opening "Sicilian, Chekhover variation"]
[ECO "B53"]
[Time "22:48:14"]
[TimeControl "2700+45"]

1. e4 c5 2. Nf3 d6 3. d4 cxd4 4. Qxd4 a6 5. c4 Nc6 6. Qd2 Nf6 7. Nc3 Bg4 8. Nd4
Rc8 9. Nxc6 Rxc6 10. Bd3 e6 11. O-O Be7 12. b3 Nd7 13. Bb2 Bf6 14. f3 Bh5 15.
Rad1 O-O 16. Na4 Bxb2 17. Qxb2 Ne5 18. Be2 Qh4 19. g3 Qh3 20. g4 Bg6 21. c5 h5
22. Rxd6 Nxg4 23. fxg4 Bxe4 24. Rf2 Rxd6 25. cxd6 Qe3 26. Qe5 Rc8 27. Bf1 Rc1
28. d7 Rxf1+ 29. Kxf1 Bd3+ 30. Kg1 Qxe5 31. d8=Q+ Kh7 32. Qxd3+ g6 33. Rxf7+
{Black resigns} 1-0

[Event "Team 45 45 League T43"]
[Site "Internet Chess Club"]
[Date "2009.12.02"]
[Round "6"]
[White "jefferyx"]
[Black "Darkwizard1"]
[Result "1-0"]
[WhiteElo "2085"]
[BlackElo "1824"]
[Opening "Ruy Lopez: open, classical defense"]
[ECO "C83"]
[Time "17:00:13"]
[TimeControl "2700+45"]

1. e4 e5 2. Nf3 Nc6 3. Bb5 a6 4. Ba4 Nf6 5. O-O Nxe4 6. d4 b5 7. Bb3 d5 8. dxe5
Be6 9. c3 Be7 10. Nbd2 Nxd2 11. Bxd2 O-O 12. Re1 Na5 13. Bc2 Nc4 14. Nd4 c5 15.
Nxe6 fxe6 16. Qh5 Rf5 17. Bxf5 exf5 18. Bc1 g6 19. Qe2 d4 20. b3 d3 21. Qf1 d2
22. Rd1 Nxe5 23. Bxd2 Qc7 24. Qe2 Ng4 25. g3 Bf6 26. Qe6+ Qf7 27. Qc6 Rd8 28.
Bf4 Re8 29. Rd7 Re7 30. Rad1 Rxd7 31. Rxd7 Qe8 32. Rg7+ Kf8 33. Rg8+ {Black
resigns} 1-0

[Event "Team 45 45 League T43"]
[Site "Internet Chess Club"]
[Date "2009.12.05"]
[Round "6"]
[White "Ehab"]
[Black "irock"]
[Result "1-0"]
[WhiteElo "1877"]
[BlackElo "1702"]
[Opening "Sicilian: Hungarian variation"]
[ECO "B27"]
[Time "19:02:22"]
[TimeControl "2700+45"]

1. e4 c5 2. Nf3 g6 3. d4 cxd4 4. Qxd4 Nf6 5. e5 Nc6 6. Qc3 Nd5 7. Qb3 Nc7 8. Bc4
Ne6 9. Bxe6 dxe6 10. O-O Bg7 11. Nc3 O-O 12. Rd1 Qa5 13. Bf4 Nxe5 14. Nxe5 Bxe5
15. Bxe5 Qxe5 16. Rd3 Qc7 17. Rad1 a6 18. a4 b6 19. Qb4 Ra7 20. Qh4 Qc5 21. Qh6
Qh5 22. Qd2 Kg7 23. Rh3 Qg4 24. Qh6+ Kf6 25. Rf3+ Qxf3 26. gxf3 Rh8 27. f4 a5
28. Ne4+ Kf5 29. f3 f6 30. Ng3# {Black checkmated} 1-0

[Event "Team 45 45 League T43"]
[Site "Internet Chess Club"]
[Date "2009.12.05"]
[Round "6"]
[White "f5"]
[Black "Campagnolo"]
[Result "0-1"]
[WhiteElo "2147"]
[BlackElo "2104"]
[Opening "Ruy Lopez: closed, Pilnik variation"]
[ECO "C90"]
[Time "21:01:25"]
[TimeControl "2700+45"]

1. e4 e5 2. Nf3 Nc6 3. Bb5 a6 4. Ba4 Nf6 5. O-O Be7 6. Re1 b5 7. Bb3 d6 8. c3
O-O 9. d3 Na5 10. Bc2 c5 11. h3 Re8 12. Nbd2 Bf8 13. Nf1 h6 14. Ng3 g6 15. Be3
Nc6 16. Qd2 Kh7 17. d4 Qc7 18. Rac1 Bb7 19. d5 Ne7 20. Nh2 Bg7 21. Rf1 Rf8 22.
f4 exf4 23. Rxf4 Nd7 24. Rcf1 Ne5 25. b3 Ng8 26. Nf3 Rae8 27. Qf2 Re7 28. Rh4
Nxf3+ 29. gxf3 Bf6 30. Rf4 Be5 31. Rg4 Bc8 32. f4 Bxg4 33. hxg4 Bxc3 34. Qh2 Bd4
35. Bxd4 cxd4 36. g5 Rc8 37. Bb1 Qc3 38. e5 Qe3+ 39. Kh1 Rc1 40. exd6 Rxf1+ 41.
Nxf1 Qf3+ 42. Kg1 Qg4+ 43. Kh1 Re1 44. Qf2 Rxb1 45. Kh2 Qd7 46. Ng3 Qxd6 47.
Qxd4 Rc1 48. Qe4 Ne7 49. gxh6 Kxh6 50. Ne2 Rc8 51. Qg2 Qxd5 52. Qh3+ Qh5 {White
resigns} 0-1

[Event "Team 45 45 League T43"]
[Site "Internet Chess Club"]
[Date "2009.12.08"]
[Round "6"]
[White "nosalt"]
[Black "bgolev"]
[Result "1/2-1/2"]
[WhiteElo "2053"]
[BlackElo "1849"]
[Opening "Ruy Lopez: Wormald (Alapin) attack"]
[ECO "C77"]
[Time "21:00:24"]
[TimeControl "2700+45"]

1. e4 e5 2. Nf3 Nc6 3. Bb5 a6 4. Ba4 Nf6 5. Qe2 b5 6. Bb3 Bc5 7. c3 O-O 8. a4
Rb8 9. axb5 axb5 10. O-O d6 11. d3 h6 12. Be3 Bxe3 13. Qxe3 Be6 14. Bc2 Ng4 15.
Qe2 b4 16. Ba4 Ne7 17. d4 bxc3 18. bxc3 exd4 19. cxd4 Nf6 20. Nc3 c6 21. Rfb1
Qc7 22. Rc1 Qb6 23. Qd3 Rfc8 24. Bc2 g6 25. Ra6 Qd8 26. Ra7 Rc7 27. Ra6 Rd7 28.
Ba4 Rb6 29. Rxb6 Qxb6 30. Rb1 Qa7 31. Nd2 Rb7 32. Rxb7 Qxb7 33. h3 Bc8 34. Nc4
d5 35. Nd6 Qc7 36. Nxc8 Qxc8 37. e5 Nd7 38. f4 Nb6 39. Bc2 c5 40. dxc5 Qxc5+ 41.
Kh2 Qf2 42. Ne2 Nc4 43. Qf3 Qxf3 44. gxf3 Ne3 45. Bb3 N7f5 46. Kg1 Kf8 47. Kf2
d4 48. Nc1 Ke7 49. Ke2 Ng2 50. Nd3 Ng7 51. Kf2 Ne3 52. Nc5 Nef5 53. Bd5 Ne8 54.
Be4 Nfg7 55. Ke2 Nc7 56. Kd3 Nge6 57. Nxe6 Nxe6 58. f5 gxf5 59. Bxf5 Ng5 60.
Kxd4 Nxf3+ 61. Kd5 Nxe5 {Game drawn by mutual agreement} 1/2-1/2

[Event "Team 45 45 League T43"]
[Site "Internet Chess Club"]
[Date "2009.12.03"]
[Round "6"]
[White "Beddathanme"]
[Black "Holm"]
[Result "0-1"]
[WhiteElo "1834"]
[BlackElo "1906"]
[Opening "Two knights defense"]
[ECO "C56"]
[Time "16:00:19"]
[TimeControl "2700+45"]

1. e4 e5 2. Bc4 Nf6 3. d4 exd4 4. Nf3 Nc6 5. O-O Nxe4 6. Re1 d5 7. Bxd5 Qxd5 8.
Nc3 Qd8 9. Rxe4+ Be7 10. Nxd4 f5 11. Rf4 O-O 12. Nxc6 Qxd1+ 13. Nxd1 bxc6 14.
Ra4 c5 15. Nc3 Bd7 16. Ra5 f4 17. Nd5 Bd6 18. c4 f3 19. Be3 c6 20. Nc3 Bc7 21.
Rxc5 Rae8 22. Rg5 h6 23. Rg6 Kh7 24. Rg3 Bxg3 25. hxg3 a6 26. Rd1 Bg4 27. Rd6
Rb8 28. b3 Rbd8 29. Rxc6 Rd3 30. Nd5 fxg2 31. Kxg2 Bf3+ 32. Kh2 Rd1 33. g4 Rh1+
34. Kg3 Be4 35. Re6 Rg1+ 36. Kh2 Rg2+ 37. Kh3 Bf3 38. Rxa6 Rg1 39. Kh2 Rg2+ 40.
Kh3 h5 41. gxh5 Rf5 42. Nf4 Rg1 43. Kh4 Rfg5 44. Rg6 Rxh5+ 45. Nxh5 Kxg6 46.
Nf4+ Kf5 47. Nd3 g5+ 48. Kh3 g4+ 49. Kh2 Rh1+ 50. Kg3 Rh3# {White checkmated}
0-1

[Event "Team 45 45 League T43"]
[Site "Internet Chess Club"]
[Date "2009.12.06"]
[Round "6"]
[White "ivanson"]
[Black "Beetlejuice"]
[Result "1-0"]
[WhiteElo "1823"]
[BlackElo "1847"]
[Opening "Sicilian: Taimanov (Bastrikov) variation"]
[ECO "B47"]
[Time "14:01:24"]
[TimeControl "2700+45"]

1. e4 c5 2. Nf3 e6 3. d4 cxd4 4. Nxd4 Nc6 5. Nc3 Qc7 6. g3 Nf6 7. Bg2 a6 8. O-O
Rb8 9. a4 Na5 10. e5 Ng8 11. Bf4 Nc4 12. Qe2 Nxb2 13. Ne4 Nc4 14. Nc6 dxc6 15.
Qxc4 h5 16. Rfd1 Nh6 17. Bg5 Be7 18. Nd6+ Kf8 19. Qf4 Bxg5 20. Qxg5 Kg8 21. Ne8
f6 22. exf6 Qf7 23. fxg7 {Black resigns} 1-0

[Event "Team 45 45 League T43"]
[Site "Internet Chess Club"]
[Date "2009.12.06"]
[Round "6"]
[White "yemisco1"]
[Black "oldsj"]
[Result "0-1"]
[WhiteElo "1528"]
[BlackElo "1595"]
[Opening "Queen's pawn game"]
[ECO "D00"]
[Time "13:06:57"]
[TimeControl "2700+45"]

1. d4 Nf6 2. Nc3 d5 3. g3 g6 4. Bg2 e6 5. a3 Bg7 6. Bg5 Nbd7 7. Nf3 h6 8. Bxf6
Nxf6 9. O-O O-O 10. Re1 c5 11. e3 cxd4 12. exd4 a6 13. Qd3 b5 14. Ne2 Bb7 15. c3
Rc8 16. Ne5 Nd7 17. Nxd7 Qxd7 18. Nf4 Rfe8 19. Bh3 Qc6 20. Re2 Rc7 21. Rae1 Rce7
22. Bg2 Qc7 23. Bf3 Qd8 24. Kg2 Qc7 25. Kg1 Bf6 26. Nxg6 fxg6 27. Qxg6+ Bg7 28.
Bg4 Bc8 29. f4 Qd8 30. Re5 Kh8 31. Rh5 e5 32. fxe5 Bxg4 33. Qxg4 Rg8 34. Qg6 Qe8
35. Qxe8 Rgxe8 36. Rf1 Kh7 37. g4 Re6 38. Rhf5 Rg6 39. h3 Rg5 40. Kg2 Kg8 41.
Kg3 Rf8 42. Rxf8+ Bxf8 43. h4 Rg7 44. Rf5 Rf7 45. Kf4 Be7 46. Rxf7 Kxf7 47. g5
hxg5+ 48. hxg5 Kg6 49. e6 Bd6+ 50. Kg4 Be7 51. Kf4 Bd6+ 52. Kg4 a5 53. b4 a4 54.
Kh4 Be7 55. Kg4 Bxg5 56. e7 Bxe7 57. Kf3 Kf5 58. Ke3 Bg5+ 59. Kd3 Bc1 60. c4
dxc4+ 61. Kc3 Bxa3 62. d5 Ke5 63. d6 Kxd6 64. Kd4 Bxb4 {White resigns} 0-1

[Event "Team 45 45 League T43"]
[Site "Internet Chess Club"]
[Date "2009.12.07"]
[Round "6"]
[White "badmove"]
[Black "reverendjim"]
[Result "1-0"]
[WhiteElo "1641"]
[BlackElo "1402"]
[Opening "Caro-Kann: Tartakower (fantasy) variation"]
[ECO "B12"]
[Time "10:06:00"]
[TimeControl "2700+45"]

1. e4 c6 2. d4 d5 3. f3 dxe4 4. fxe4 e5 5. Nf3 Be6 6. c3 Nf6 7. Bd3 Nbd7 8. O-O
Bd6 9. Kh1 Qc7 10. Be3 O-O-O 11. d5 cxd5 12. exd5 Nxd5 13. Bxa7 b6 14. Ba6+
{Black resigns} 1-0

[Event "Team 45 45 League T43"]
[Site "Internet Chess Club"]
[Date "2009.12.07"]
[Round "6"]
[White "Aquaman"]
[Black "beerss"]
[Result "0-1"]
[WhiteElo "1294"]
[BlackElo "1356"]
[Opening "Réti: King's Indian attack"]
[ECO "A05"]
[Time "15:00:23"]
[TimeControl "2700+45"]

1. Nf3 Nf6 2. g3 g6 3. Bg2 Bg7 4. O-O O-O 5. d3 c6 6. e4 d5 7. e5 Nfd7 8. d4 e6
9. Be3 f5 10. exf6 Nxf6 11. c3 Nbd7 12. Re1 Nb6 13. b3 Bd7 14. Ne5 Ne4 15. f3
Nd6 16. Bf4 Nf5 17. Nd2 Nh4 18. Bh1 Nf5 19. Nf1 Bh6 20. Bxh6 Nxh6 21. Ne3 Nf5
22. N3g4 Nc8 23. Nxd7 Qxd7 24. Ne5 Qe7 25. Nd3 Ncd6 26. Nf4 Ng7 27. Qd2 Rae8 28.
Bg2 Qf6 29. Nd3 Ndf5 30. Ne5 Qd8 31. a4 Qc7 32. b4 Nd6 33. Rf1 Nc4 34. Nxc4 dxc4
35. Qe2 Nf5 36. Rae1 b5 37. a5 a6 38. Qe5 Qd8 39. Qc5 Qc8 40. f4 Ne7 41. Re5 Nd5
42. Bxd5 exd5 43. Rfe1 Rxe5 44. Rxe5 Re8 45. Kf2 Rxe5 46. dxe5 Qh3 47. Kg1 Qf5
48. Qe3 Kf7 49. Kg2 Qe4+ 50. Qxe4 dxe4 51. Kf2 Ke6 52. Ke3 Kd5 53. h4 c5 54.
bxc5 Kxc5 55. Kxe4 b4 56. cxb4+ Kxb4 57. e6 c3 58. e7 c2 59. e8=Q c1=Q 60. Qe7+
Kxa5 61. Qe5+ Ka4 62. Qd4+ Kb5 63. Qd3+ Qc4+ 64. Qd4 Qxd4+ 65. Kxd4 Kb4 66. Kd3
Kb3 67. Kd2 Kb2 68. Kd1 a5 69. h5 a4 70. hxg6 hxg6 71. g4 a3 72. f5 gxf5 73.
gxf5 a2 74. f6 a1=Q+ 75. Ke2 Qa6+ {White resigns} 0-1

[Event "Team 45 45 League T43"]
[Site "Internet Chess Club"]
[Date "2009.12.09"]
[Round "6"]
[White "chips"]
[Black "nozmov"]
[Result "0-1"]
[WhiteElo "1196"]
[BlackElo "1394"]
[Opening "Polish (Sokolsky) opening"]
[ECO "A00"]
[Time "06:03:14"]
[TimeControl "2700+45"]

1. b4 Nf6 2. Bb2 g6 3. Bxf6 exf6 4. d4 Bxb4+ 5. c3 Ba5 6. Qa4 Bb6 7. Qb4 Nc6 8.
Qa3 Nxd4 9. cxd4 Bxd4 10. Nc3 Qe7 11. Qxe7+ Kxe7 12. Rc1 Bb6 13. Nd5+ Kd8 14.
Nxb6 axb6 15. Ra1 Ra3 16. e3 d6 17. Bc4 Be6 18. Bxe6 fxe6 19. Nf3 Kd7 20. O-O
Rha8 21. Nd4 Rxa2 22. Nb3 R8a3 23. Rxa2 Rxa2 24. Nd4 e5 25. Nb5 Rb2 26. Nc3 c6
27. Ne4 Ke6 28. Ra1 d5 29. Ng3 Kd6 30. h4 c5 31. h5 c4 32. Kf1 c3 33. Ne2 c2 34.
hxg6 hxg6 35. Nc3 b5 36. Nxb5+ Rxb5 {White resigns} 0-1

[Event "Team 45 45 League T43"]
[Site "Internet Chess Club"]
[Date "2009.12.07"]
[Round "6"]
[White "dscvdchk"]
[Black "Gilguli"]
[Result "1-0"]
[WhiteElo "1594"]
[BlackElo "1510"]
[Opening "QGD: Albin counter-gambit, 5.g3"]
[ECO "D09"]
[Time "16:34:14"]
[TimeControl "2700+45"]

1. d4 d5 2. c4 e5 3. dxe5 d4 4. Nf3 Nc6 5. g3 Nge7 6. Bg2 Be6 7. b3 Ng6 8. Bg5
f6 9. exf6 gxf6 10. Bc1 Qd7 11. O-O O-O-O 12. a3 Bh3 13. Nbd2 Bxg2 14. Kxg2 Rg8
15. Ne4 Nf4+ 16. Bxf4 Be7 17. b4 f5 18. Ned2 h5 19. b5 Na5 20. Ne5 Qe6 21. Qc2
Bd6 22. Ndf3 Rh8 23. c5 Bxe5 24. Nxe5 Rdg8 25. h4 b6 26. cxb6 axb6 27. Rac1 Rh7
28. Nc6 Nb3 29. Rb1 Nc5 30. a4 Rhg7 31. a5 Rg4 32. Kh3 Ne4 33. Nxd4 R8g7 34.
Nxe6 {Black resigns} 1-0

[Event "Team 45 45 League T43"]
[Site "Internet Chess Club"]
[Date "2009.12.06"]
[Round "6"]
[White "seldredg"]
[Black "GiulioCre"]
[Result "1-0"]
[WhiteElo "1365"]
[BlackElo "1213"]
[Opening "Pirc defense"]
[ECO "B07"]
[Time "11:30:21"]
[TimeControl "2700+45"]

1. d4 d6 2. e4 Nf6 3. Nc3 Nbd7 4. Bg5 e5 5. Nf3 Be7 6. Be2 O-O 7. Qd2 exd4 8.
Nxd4 Nc5 9. f3 c6 10. g4 Nfxe4 11. Bxe7 Qxe7 12. fxe4 Nxe4 13. Nxe4 Qxe4 14.
O-O-O Bxg4 15. Bxg4 Qxg4 16. Qb4 c5 17. Rhg1 Qf4+ 18. Qd2 Qxd2+ 19. Rxd2 cxd4
20. Rxd4 Rad8 21. Rgd1 f6 22. Rxd6 Rxd6 23. Rxd6 g5 24. Rd4 Kg7 25. h4 gxh4 26.
Rg4+ Kh8 27. Rxh4 f5 28. Kd2 Rd8+ 29. Ke3 Rc8 30. c3 Kg7 31. Rd4 Rc7 32. Rd6 Rf7
33. Kf4 Rf6 34. Rd7+ Rf7 35. Rxf7+ Kxf7 36. Kxf5 Kg7 37. c4 Kh6 38. b4 Kh5 39.
a4 Kh4 40. b5 h5 41. c5 Kg3 42. c6 bxc6 43. bxc6 h4 44. c7 h3 45. c8=Q h2 46.
Qc3+ Kg2 47. Qd2+ Kh3 48. Qh6+ Kg2 49. Ke5 h1=Q 50. Qxh1+ Kxh1 51. Kd5 Kg2 52.
a5 Kf3 53. Kc6 Ke4 54. Kc5 Kd3 55. Kc6 Kc4 56. Kb7 Kb5 57. a6 Ka5 58. Kxa7 Kb5
59. Kb7 Kc5 60. a7 Kb5 61. a8=Q Kb4 62. Qc8 Kb5 63. Qc6+ Kb4 64. Kb6 Kb3 65. Kb5
Kb2 66. Kb4 Ka2 67. Qa4+ Kb1 68. Kc3 {Black resigns} 1-0

[Event "Team 45 45 League T43"]
[Site "Internet Chess Club"]
[Date "2009.12.07"]
[Round "6"]
[White "carambola"]
[Black "rgadoury"]
[Result "1-0"]
[WhiteElo "1262"]
[BlackElo "1254"]
[Opening "French: advance variation"]
[ECO "C02"]
[Time "21:13:08"]
[TimeControl "2700+45"]

1. e4 e6 2. d4 d5 3. e5 Nc6 4. Nf3 Bb4+ 5. c3 Ba5 6. Bb5 Bd7 7. Bd3 Nge7 8. Bg5
O-O 9. a3 Qc8 10. b4 Bb6 11. b5 Nf5 12. bxc6 Bxc6 13. a4 a5 14. g4 {Black
resigns} 1-0

[Event "Team 45 45 League T43"]
[Site "Internet Chess Club"]
[Date "2009.12.05"]
[Round "6"]
[White "EyeAm"]
[Black "tryanything"]
[Result "1-0"]
[WhiteElo "1627"]
[BlackElo "1580"]
[Opening "two knights defense: Fritz variation"]
[ECO "C57"]
[Time "13:59:22"]
[TimeControl "2700+45"]

1. e4 e5 2. Nf3 Nc6 3. Bc4 Nf6 4. Ng5 d5 5. exd5 Nd4 6. d6 Qxd6 7. O-O Be6 8.
Nxe6 Nxe6 9. Nc3 a6 10. Qf3 O-O-O 11. d3 h6 12. Be3 Ng5 13. Qg3 Qd7 14. h4 Ne6
15. Qxe5 Bd6 16. Qa5 Qc6 17. b4 Nf4 18. Bxf4 Bxf4 19. Qf5+ Kb8 20. Qxf4 b5 21.
Bb3 Qxc3 22. a4 Rd4 23. Qf5 Rxb4 24. axb5 Rxb5 25. Qf4 Ra5 26. Qc4 Qxc4 27. Bxc4
Rxa1 28. Rxa1 Kb7 29. Bxa6+ Kb6 30. Bc4 Rf8 31. Re1 Re8 32. Rxe8 Nxe8 33. Bxf7
Nd6 34. Bb3 c5 35. Kf1 Nf5 36. h5 Nd4 37. Ke1 Kb5 38. Bc4+ Kc6 39. c3 Nf5 40.
Ke2 Nd6 41. Ke3 Ne8 42. g4 Nf6 43. Kf4 Kd6 44. Kf5 Ke7 45. f4 Kf8 46. g5 hxg5
47. fxg5 Nxh5 48. d4 cxd4 49. cxd4 Ng3+ 50. Kf4 Nh5+ 51. Kf3 Ke7 52. Bd3 Kf7 53.
d5 Ke7 54. Kg4 Nf6+ 55. gxf6+ gxf6 56. Kf5 Kd6 57. Be4 Ke7 58. Bf3 {Black
resigns} 1-0

[Event "Team 45 45 League T43"]
[Site "Internet Chess Club"]
[Date "2009.12.06"]
[Round "6"]
[White "smsxman"]
[Black "chicopee-ed"]
[Result "1/2-1/2"]
[WhiteElo "1391"]
[BlackElo "1380"]
[Opening "Scandinavian (center counter) defense"]
[ECO "B01"]
[Time "09:58:43"]
[TimeControl "2700+45"]

1. e4 d5 2. exd5 Qxd5 3. d4 e5 4. Nf3 exd4 5. Nxd4 c5 6. Qe2+ Be6 7. Nb5 Qc6 8.
N1c3 Nf6 9. Bf4 Na6 10. O-O-O Be7 11. Nd6+ Bxd6 12. Rxd6 Qc8 13. Qb5+ Bd7 14.
Qe2+ Be6 15. Kb1 O-O 16. Be5 Rd8 17. Nb5 Ne8 18. Rd1 Nac7 19. Nxc7 Nxc7 20. Rc1
Nd5 21. Qf3 a6 22. Bd3 Nb4 23. b3 Nxd3 24. cxd3 Rd5 25. Qg3 Qf8 26. Rhd1 Rad8
27. f4 Bf5 28. Rc3 b5 29. Kb2 b4 30. Rcc1 Rxd3 31. Rxd3 Rxd3 32. Qf2 f6 33. Bc7
Qf7 34. Qxc5 Rd2+ 35. Ka1 Qd5 36. Qxb4 Qd4+ 37. Qxd4 Rxd4 38. g3 Rd2 39. h4 Bd3
40. Rc3 Bb5 41. b4 Rg2 42. a3 Kf7 43. Re3 g6 44. Bd6 f5 45. Bc5 Rd2 46. Kb1 Rg2
47. Kc1 Rh2 48. Bd4 Rg2 49. Kd1 Rh2 50. Ke1 Rg2 51. Rc3 Ra2 52. Bc5 Rg2 53. Bf2
Kg8 54. Rc7 Rh2 55. Bd4 Ra2 56. Rc3 Re2+ 57. Kd1 Rg2 58. Rc8+ Kf7 59. Rc3 Kg8
60. Re3 Kf7 61. Ke1 Ra2 62. Bc5 Rg2 63. Re7+ Kg8 64. Re3 Ra2 65. Re8+ Kf7 66.
Rf8+ Ke6 67. Rh8 Rxa3 68. Rxh7 Rxg3 69. Kf2 Rg4 70. Rh6 Rxf4+ 71. Ke3 Rg4 72. h5
Kf7 73. hxg6+ Rxg6 74. Rh7+ Rg7 75. Rh5 Kg6 76. Rh4 Kg5 77. Rf4 Rf7 78. Kf3 Rd7
79. Be3 Kf6 80. Bd4+ Kg6 81. Kg3 Rh7 82. Bc5 Rd7 83. Be3 {Game drawn by mutual
agreement} 1/2-1/2

[Event "Team 45 45 League T43"]
[Site "Internet Chess Club"]
[Date "2009.12.11"]
[Round "6"]
[White "guyd52"]
[Black "DrOMM"]
[Result "0-1"]
[WhiteElo "1334"]
[BlackElo "1309"]
[Opening "Réti opening"]
[ECO "A04"]
[Time "16:31:00"]
[TimeControl "2700+45"]

1. Nf3 c6 2. g3 Nf6 3. Bg2 d5 4. d4 g6 5. Bf4 Bg7 6. O-O O-O 7. Ng5 Qb6 8. b3
Nh5 9. Be3 Nd7 10. g4 Nhf6 11. Bf4 Nxg4 12. f3 Ngf6 13. c4 Nh5 14. c5 Qb4 15.
Be3 Qa5 16. a3 Qc7 17. f4 f5 18. Ne6 Qb8 19. Nxf8 Nxf8 20. Qd2 Ne6 21. Nc3 Bh6
22. Nxd5 cxd5 23. Bxd5 Kf8 24. Bxe6 Bxe6 25. b4 Bd5 26. Rf2 Be4 27. Raf1 Nf6 28.
Qa2 Ng4 29. Bd2 Nxf2 30. Rxf2 Qd8 31. e3 Qd5 32. Be1 Qxa2 33. Rxa2 Rc8 34. b5
Kf7 35. h4 Bg7 36. Kh2 h6 37. Kg3 e6 38. a4 Bf6 39. Rh2 Bd3 40. Rd2 Be4 41. Rh2
Rg8 42. Ba5 Rb8 43. Bc7 Rc8 44. Bd6 Bd8 45. Be5 Ba5 46. Kf2 Bc2 {White resigns}
0-1

[Event "Team 45 45 League T43"]
[Site "Internet Chess Club"]
[Date "2009.12.05"]
[Round "6"]
[White "GadsHill"]
[Black "SCUGrad"]
[Result "1-0"]
[WhiteElo "1540"]
[BlackElo "1385"]
[Opening "King's Indian: Petrosian system, Stein variation"]
[ECO "E92"]
[Time "20:00:52"]
[TimeControl "2700+45"]

1. d4 Nf6 2. c4 g6 3. Nc3 Bg7 4. e4 d6 5. Nf3 O-O 6. Be2 e5 7. d5 a5 8. Bg5 h6
9. Bh4 g5 10. Bg3 Nh5 11. O-O f5 12. exf5 Bxf5 13. Nd2 Nxg3 14. fxg3 Nd7 15.
Nde4 Nc5 16. Nxc5 dxc5 17. Bd3 Bxd3 18. Qxd3 Qe8 19. Ne4 b6 20. Rxf8+ Qxf8 21.
Rf1 Qe7 22. Rf5 Rf8 23. Qf3 Rxf5 24. Qxf5 Qf7 25. g4 Qxf5 26. gxf5 Kf7 27. g4
Bf6 28. Kf2 Be7 29. b3 Kg7 30. Ke3 Bd6 31. Nc3 Kf7 32. Ke4 Ke7 33. Nb5 Kf7 34.
Na7 Kg7 35. Nc6 Kf6 36. h3 {Black resigns} 1-0